 Dungeon Crawl Stone Soup version 0.21.1-1-g345015f (webtiles) character file.

209 chorionicmirror the Slasher (level 6, -10/48 HPs)
             Began as a Human Berserker on June 21, 2018.
             Was a Believer of Trog.
             Killed from afar by Ijyb (24 damage)
             ... with a wand of acid (3)
             ... on level 3 of the Dungeon.
             The game lasted 00:11:39 (2931 turns).

chorionicmirror the Slasher (Human Berserker)       Turns: 2931, Time: 00:11:40

Health: -10/48     AC:  6    Str: 19    XL:     6   Next: 12%
Magic:  6/6        EV:  6    Int:  7    God:    Trog [**....]
Gold:   180        SH: 16    Dex: 13    Spells: 5/5 levels left

rFire    x . .     SeeInvis .   a - +0 falchion
rCold    + . .     Gourm    .   j - +1 large shield {reflect}
rNeg     . . .     Faith    .   f - +0 ring mail
rPois    .         Spirit   .   b - +0 helmet
rElec    .         Reflect  +   (no cloak)
rCorr    .         Harm     .   (no gloves)
MR       ++...                  (no boots)
Stlth    ++........             h - +3 amulet of reflection
HPRegen  1.16/turn              c - ring of ice
MPRegen  0.10/turn              e - ring of stealth

@: lethally poisoned (-10 -> -10), regenerating
A: no striking features
a: Berserk, Trog's Hand, Burn Spellbooks, Renounce Religion


You were on level 3 of the Dungeon.
You worshipped Trog.
Trog was pleased with you.
You were not hungry.

You visited 1 branch of the dungeon, and saw 3 of its levels.

You collected 180 gold pieces.

Inventory:

Hand Weapons
 a - a +0 falchion (weapon)
Armour
 b - a +0 helmet (worn)
 f - a +0 ring mail (worn)
 j - a +1 large shield of reflection (worn)
Jewellery
 c - a ring of ice (left hand)
 e - a ring of stealth (right hand)
 h - a +3 amulet of reflection (around neck)
Potions
 d - a potion of brilliance {unknown}
 i - a potion of invisibility {unknown}
 k - a potion of might {unknown}
Comestibles
 g - a ration
 l - 7 chunks of flesh


   Skills:
 + Level 4.2 Fighting
 * Level 5.3 Long Blades
 - Level 2.0 Armour
 - Level 2.0 Dodging
 * Level 1.3 Shields


You had 5 spell levels left.
You didn't know any spells.

Dungeon Overview and Level Annotations

Branches:
Dungeon (3/15)

Altars:
Fedhas
Ru

Annotations:
D:3 Ijyb


Message History

You hit the adder.
The adder is heavily wounded.
You feel sick. The adder bites you but does no damage. The adder bites you.
You are more poisoned.
The adder poisons you!
Your shield prevents you from hitting the adder.
The adder is heavily wounded.
You feel sick.
Ijyb shouts!
Ijyb zaps a wand.
The bolt of acid hits you!
You are splashed with acid!
The acid burns!
* * * LOW HITPOINT WARNING * * *
It is a wand of acid (3).
You block the adder's attack.
Okay, then.
Your skin crawls.
You feel resistant to hostile enchantments.
You feel somewhat more hungry.
You feel sick. You block the adder's attack.
Ijyb zaps a wand.
The bolt of acid hits you!
Ouch! That really hurt!
You die...

......# ##......# .
....!...# . ..
#K......#
#.##.##.....g.#
#....##.......#
#.##.##S......#
#.#......@##.#
..........#.#
###..#.....#
#.......####
#..#........ ########
##........###
.......# #.....#...#
.##.##.#####........#
##### .##......#
#..####..# #...##


You could see Ijyb, an adder and a kobold (wandering).

Vanquished Creatures
  Natasha (twice) (D:3)
  An orc wizard (D:2)
  Terence (D:2)
  Robin (D:2)
  4 adders
  2 worms (D:3)
  2 dart slugs
  6 bats
  3 giant cockroaches
  16 goblins
  A hobgoblin (D:3)
  2 quokkas (D:2)
  2 ball pythons
  3 frilled lizards
  6 kobolds
  8 rats
60 creatures vanquished.

Notes
Turn   | Place    | Note
-------+----------+-------------------------------------------
     0 | D:1      | chorionicmirror the Human Berserker began the quest for the Orb.
     0 | D:1      | Reached XP level 1. HP: 18/18 MP: 1/1
   113 | D:1      | Reached XP level 2. HP: 5/24 MP: 2/2
   979 | D:2      | Noticed Robin
   994 | D:2      | Reached XP level 3. HP: 8/29 MP: 3/3
  1004 | D:2      | Reached ** piety under Trog
  1020 | D:2      | Killed Robin
  1020 | D:2      | Reached skill level 4 in Long Blades
  1402 | D:2      | Reached XP level 4. HP: 35/35 MP: 4/4
  1475 | D:2      | Found a sacrificial altar of Ru.
  1549 | D:2      | Noticed Terence
  1556 | D:2      | Killed Terence
  1556 | D:2      | Reached XP level 5. HP: 42/42 MP: 5/5
  2186 | D:3      | Reached skill level 5 in Long Blades
  2332 | D:3      | Noticed Natasha
  2348 | D:3      | HP: 1/63 [Natasha (4)]
  2354 | D:3      | HP: 1/63 [Natasha (3)]
  2355 | D:3      | Killed Natasha
  2775 | D:3      | Noticed Natasha
  2779 | D:3      | Killed Natasha
  2779 | D:3      | Reached skill level 1 in Shields
  2779 | D:3      | Reached XP level 6. HP: 48/48 MP: 6/6
  2823 | D:3      | Found a blossoming altar of Fedhas.
  2928 | D:3      | Noticed Ijyb
  2931 | D:3      | Killed from afar by Ijyb

Skill      XL: |  1  2  3  4  5 |
---------------+----------------+-----
Long Blades    | 4 5 |  5.3
Fighting       | 4 |  4.2
Shields        | 1 |  1.3
Armour         | |  2.0
Dodging        | |  2.0

Action                   |  1- 3 |  4- 6 || total
-------------------------+-------+-------++-------
Melee: Falchion          |    68 |   131 ||   199
Invok: Berserk           |     1 |     3 ||     4
       Trog's Hand       |       |     2 ||     2
  Use: Potion            |     3 |       ||     3
       Scroll            |     1 |     2 ||     3
 Stab: Sleeping          |     1 |     3 ||     4
       Paralysed         |       |     2 ||     2
  Eat: Chunk             |     1 |     3 ||     4
       Ration            |     1 |     1 ||     2
Armor: Animal skin       |     2 |       ||     2
       Ring mail         |    20 |    44 ||    64
Dodge: Dodged            |    51 |    46 ||    97
Block: Large shield      |       |    46 ||    46
       Other             |       |     3 ||     3
       Reflection        |       |     1 ||     1
       Rpst.: Falchion   |    13 |    18 ||    31
